PAAA
ALASKAN HUMPBACKS @ BATON ROUGE BRASS
07/30/2042
 
TOP OF THE 1ST
Alaskan Humpbacks batting - Pitching for Baton Rouge Brass : RHP Mihai Dumitru
Pitching: RHP Mihai Dumitru
Batting: RHB Christiaan Bunschoten 0-0: Ball
1-0: Ball
2-0: Ball
3-0: Base on Balls
Batting: LHB Teng Xuefeng 0-0: Ball
1-0: Foul Ball, location: 2F
1-1: Ball
2-1: Ball
3-1: Grounds into double play, 4-6-3 (Groundball, 4, EV 102.5 MPH)
Batting: LHB Roberts Hamhock 0-0: Ball
1-0: Ball
2-0: Ball
3-0: Base on Balls
Batting: LHB Carlos Castro 0-0: Called Strike
0-1: Ball
1-1: Foul Ball, location: 2F
1-2: Ball
2-2: Ball
3-2: SINGLE (Groundball, 4MD, EV 104.4 MPH)
Roberts Hamhock to second
Roberts Hamhock to third
Batting: RHB Yehonatan Chazan 0-0: Swinging Strike
0-1: Ball
1-1: Foul Ball, location: 2F
1-2: Ball
2-2: Ball
3-2: Foul Ball, location: 2F
3-2: Foul Ball, location: 2F
3-2: 3-RUN HOME RUN (Flyball, 7D, EV 104.4 MPH), Distance : 373 ft
Batting: LHB Marc Hayman 0-0: Ground out 4-3 (Groundball, 4, EV 87.5 MPH)
Top of the 1st over - 3 runs, 2 hits, 0 errors, 0 left on base; Alaskan 3 - Baton Rouge 0
BOTTOM OF THE 1ST
Baton Rouge Brass batting - Pitching for Alaskan Humpbacks : LHP Stanford McCain
Pitching: LHP Stanford McCain
Batting: RHB Nick Boyd 0-0: Swinging Strike
0-1: Foul Ball, location: 2F
0-2: Ball
1-2: Ground out 6-3 (Groundball, 6, EV 107.5 MPH)
Batting: RHB Travis Murphy 0-0: Called Strike
0-1: Ball
1-1: Ball
2-1: DOUBLE (Line Drive, 9LS, EV 101.2 MPH)
Batting: RHB Jamy Geertsen 0-0: Ball
1-0: Ground out 6-3 (Groundball, 6, EV 85.6 MPH)
Batting: LHB Stephen Goldobenko 0-0: Ball
1-0: Ball
2-0: Ground out 4-3 (Groundball, 4, EV 110.6 MPH)
Bottom of the 1st over - 0 runs, 1 hit, 0 errors, 1 left on base; Alaskan 3 - Baton Rouge 0
TOP OF THE 2ND
Alaskan Humpbacks batting - Pitching for Baton Rouge Brass : RHP Mihai Dumitru
Batting: LHB Roberto Baca 0-0: Called Strike
0-1: Foul Ball, location: 2F
0-2: Ball
1-2: Foul Ball, location: 2F
1-2: Ball
2-2: Ball
3-2: Base on Balls
Batting: RHB Domingo Altamirańo 0-0: Ball
1-0: Swinging Strike
1-1: Grounds into double play, 6-4-3 (Groundball, 6S, EV 90.0 MPH)
Batting: RHB Bobby McFillin 0-0: DOUBLE (Line Drive, 9LS, EV 100.0 MPH) - OUT at third base trying to stretch hit.
Top of the 2nd over - 0 runs, 1 hit, 0 errors, 0 left on base; Alaskan 3 - Baton Rouge 0
BOTTOM OF THE 2ND
Baton Rouge Brass batting - Pitching for Alaskan Humpbacks : LHP Stanford McCain
Batting: LHB Dave Summers 0-0: Fly out, F3 (Popup, 3SF, EV 80.6 MPH)
Batting: LHB Weston Doyle 0-0: Ball
1-0: Ball
2-0: Ball
3-0: Base on Balls
Batting: LHB Francisco Rojas 0-0: Swinging Strike
0-1: Ball
1-1: Foul Ball, location: 2F
1-2: Foul Ball, location: 2F
1-2: Foul Ball, location: 2F
1-2: Foul Ball, location: 2F
1-2: SINGLE (Line Drive, 89M, EV 86.2 MPH)
Weston Doyle to second
Batting: LHB Reggie Gommers 0-0: Called Strike
0-1: Called Strike
0-2: Ball
1-2: Strikes out swinging
Batting: RHB John Birges 0-0: Foul Ball, location: 2F
0-1: Ball
1-1: Ball
2-1: Ball
3-1: Base on Balls
Weston Doyle to third
Francisco Rojas to second
Batting: RHB Nick Boyd 0-0: Swinging Strike
0-1: Ball
1-1: Ball
2-1: Foul Ball, location: 2F
2-2: Foul Ball, location: 2F
2-2: Ball
3-2: SINGLE (Line Drive, 78S, EV 96.2 MPH)
Weston Doyle scores
Francisco Rojas to third
John Birges to second
Francisco Rojas scores
John Birges to third
Batting: RHB Travis Murphy 0-0: Ball
1-0: SINGLE (Groundball, 6M, EV 95.0 MPH) (infield hit)
John Birges scores
Nick Boyd to second
Batting: RHB Jamy Geertsen 0-0: Called Strike
0-1: Foul Ball, location: 2F
0-2: Foul Ball, location: 2F
0-2: Ball
1-2: Foul Ball, location: 2F
1-2: Ball
2-2: Foul Ball, location: 2F
2-2: Ball
3-2: Foul Ball, location: 2F
3-2: DOUBLE (Line Drive, 9LD, EV 106.9 MPH)
Nick Boyd scores
Travis Murphy to third
Travis Murphy scores
Batting: LHB Stephen Goldobenko 0-0: Called Strike
0-1: Ball
1-1: Ball
2-1: Swinging Strike
2-2: Ball
3-2: Foul Ball, location: 2F
3-2: Strikes out looking
Bottom of the 2nd over - 5 runs, 4 hits, 0 errors, 1 left on base; Alaskan 3 - Baton Rouge 5
TOP OF THE 3RD
Alaskan Humpbacks batting - Pitching for Baton Rouge Brass : RHP Mihai Dumitru
Batting: RHB Christiaan Bunschoten 0-0: Foul Ball, location: 2F
0-1: Swinging Strike
0-2: Ball
1-2: Ball
2-2: Foul Ball, location: 2F
2-2: Strikes out looking
Batting: LHB Teng Xuefeng 0-0: Ball
1-0: Ball
2-0: Ball
3-0: Base on Balls
Batting: LHB Roberts Hamhock 0-0: Foul Ball, location: 2F
0-1: Swinging Strike
0-2: Ball
1-2: Ball
2-2: Ball
Teng Xuefeng steals 2nd base (no throw)
3-2: Foul Ball, location: 2F
3-2: Fly out, F9 (Flyball, 89D, EV 93.1 MPH)
Runner from 2nd tags up, SAFE at 3rd, no throw by RF
Batting: LHB Carlos Castro 0-0: Called Strike
0-1: Ball
1-1: Ball
2-1: Ball
3-1: Base on Balls
Batting: RHB Yehonatan Chazan 0-0: Ball
1-0: SINGLE (Line Drive, 8LS, EV 96.9 MPH)
Teng Xuefeng scores
Carlos Castro to second
Runner from 2nd tries for 3rd, SAFE, no throw by CF
Batting: LHB Marc Hayman 0-0: Ball
1-0: 3-RUN HOME RUN (Flyball, 9D, EV 108.8 MPH), Distance : 372 ft
Pitching: RHP Lee Tucker
Batting: LHB Roberto Baca 0-0: Ball
1-0: Fly out, F4 (Popup, 4MD, EV 68.8 MPH)
Top of the 3rd over - 4 runs, 2 hits, 0 errors, 0 left on base; Alaskan 7 - Baton Rouge 5
BOTTOM OF THE 3RD
Baton Rouge Brass batting - Pitching for Alaskan Humpbacks : LHP Stanford McCain
Batting: LHB Dave Summers 0-0: Ball
1-0: Ball
2-0: Ball
3-0: Called Strike
3-1: Foul Ball, location: 2F
3-2: Strikes out swinging
Batting: LHB Weston Doyle 0-0: Called Strike
0-1: Ball
1-1: Foul Ball, location: 2F
1-2: Foul Ball, location: 2F
1-2: Fly out, F7 (Flyball, 7LD, EV 90.6 MPH)
Batting: LHB Francisco Rojas 0-0: Called Strike
0-1: Swinging Strike
0-2: Strikes out swinging
Bottom of the 3rd over - 0 runs, 0 hits, 0 errors, 0 left on base; Alaskan 7 - Baton Rouge 5
TOP OF THE 4TH
Alaskan Humpbacks batting - Pitching for Baton Rouge Brass : RHP Lee Tucker
Batting: RHB Domingo Altamirańo 0-0: Ball
1-0: Ball
2-0: Called Strike
2-1: Swinging Strike
2-2: Ball
3-2: Base on Balls
Batting: RHB Bobby McFillin 0-0: Called Strike
0-1: Grounds into double play, 5-4-3 (Groundball, 56S, EV 80.0 MPH)
Batting: RHB Christiaan Bunschoten 0-0: Ball
1-0: Ball
2-0: Called Strike
2-1: SOLO HOME RUN (Flyball, 78XD, EV 108.8 MPH), Distance : 450 ft
Batting: LHB Teng Xuefeng 0-0: Called Strike
0-1: SINGLE (Line Drive, 7S, EV 110.6 MPH)
Batting: LHB Roberts Hamhock 0-0: Called Strike
0-1: Foul Ball, location: 2F
0-2: Ball
1-2: Ball
2-2: SINGLE (Flyball, 78S, EV 95.0 MPH)
Teng Xuefeng to second
Teng Xuefeng to third
Batting: LHB Carlos Castro 0-0: Fly out, F6 (Line Drive, 6, EV 66.9 MPH)
Top of the 4th over - 1 run, 3 hits, 0 errors, 2 left on base; Alaskan 8 - Baton Rouge 5
BOTTOM OF THE 4TH
Baton Rouge Brass batting - Pitching for Alaskan Humpbacks : LHP Stanford McCain
Batting: LHB Reggie Gommers 0-0: Ball
1-0: SINGLE (Line Drive, 7S, EV 100.0 MPH)
Pitching: LHP Yushua Wazir
Batting: RHB John Birges 0-0: Called Strike
0-1: Ball
1-1: Ball
2-1: Grounds into double play, 6-4-3 (Groundball, 6, EV 93.8 MPH)
Batting: RHB Nick Boyd 0-0: Foul Ball, location: 2F
0-1: Foul Ball, location: 2F
0-2: Ball
1-2: Ball
2-2: Foul Ball, location: 2F
2-2: Ball
3-2: Ground out 4-3 (Groundball, 4, EV 85.0 MPH)
Bottom of the 4th over - 0 runs, 1 hit, 0 errors, 0 left on base; Alaskan 8 - Baton Rouge 5
TOP OF THE 5TH
Alaskan Humpbacks batting - Pitching for Baton Rouge Brass : RHP Lee Tucker
Batting: RHB Yehonatan Chazan 0-0: Ball
1-0: SINGLE (Flyball, 8LS, EV 90.6 MPH)
Batting: LHB Marc Hayman 0-0: Sac Bunt to 13 - play at first, batter OUT! 1-3
Yehonatan Chazan to second
Batting: LHB Roberto Baca 0-0: Ball
1-0: 2-RUN HOME RUN (Flyball, 9LD, EV 99.4 MPH), Distance : 346 ft
Batting: RHB Domingo Altamirańo 0-0: Ground out 6-3 (Groundball, 6, EV 83.1 MPH)
Batting: RHB Bobby McFillin 0-0: Called Strike
0-1: Ball
1-1: SOLO HOME RUN (Flyball, 78XD, EV 111.9 MPH) (Inside the Park)
Pitching: LHP Gilberto Chávez
Batting: RHB Christiaan Bunschoten 0-0: Ball
1-0: Called Strike
1-1: Ball
2-1: Fly out, F9 (Flyball, 9LMF, EV 96.2 MPH)
Top of the 5th over - 3 runs, 3 hits, 0 errors, 0 left on base; Alaskan 11 - Baton Rouge 5
BOTTOM OF THE 5TH
Baton Rouge Brass batting - Pitching for Alaskan Humpbacks : LHP Yushua Wazir
Batting: RHB Travis Murphy 0-0: Swinging Strike
0-1: Swinging Strike
0-2: Ball
1-2: Ball
2-2: Strikes out looking
Batting: RHB Jamy Geertsen 0-0: Ball
1-0: Ball
2-0: Swinging Strike
2-1: Swinging Strike
2-2: Strikes out swinging
Batting: LHB Stephen Goldobenko 0-0: Fly out, F2 (Popup, 15S, EV 95.0 MPH)
Bottom of the 5th over - 0 runs, 0 hits, 0 errors, 0 left on base; Alaskan 11 - Baton Rouge 5
TOP OF THE 6TH
Alaskan Humpbacks batting - Pitching for Baton Rouge Brass : LHP Gilberto Chávez
Batting: LHB Teng Xuefeng 0-0: Foul Ball, location: 2F
0-1: Swinging Strike
0-2: Strikes out swinging
Batting: LHB Roberts Hamhock 0-0: Ball
1-0: Foul Ball, location: 2F
1-1: Called Strike
1-2: Ground out 4-3 (Groundball, 4, EV 105.0 MPH)
Batting: LHB Carlos Castro 0-0: Ball
1-0: Foul Ball, location: 2F
1-1: Swinging Strike
1-2: Ball
2-2: Strikes out swinging
Top of the 6th over - 0 runs, 0 hits, 0 errors, 0 left on base; Alaskan 11 - Baton Rouge 5
BOTTOM OF THE 6TH
Baton Rouge Brass batting - Pitching for Alaskan Humpbacks : LHP Yushua Wazir
Batting: LHB Dave Summers 0-0: Called Strike
0-1: Ball
1-1: Ball
2-1: Swinging Strike
2-2: Ball
3-2: Ground out 6-3 (Groundball, 6M, EV 84.4 MPH)
Batting: LHB Weston Doyle 0-0: Ball
1-0: Ball
2-0: Ball
3-0: Called Strike
3-1: Foul Ball, location: 2F
3-2: Strikes out looking
Batting: LHB Francisco Rojas 0-0: Ball
1-0: Ground out U3 (Groundball, 34, EV 98.1 MPH)
Bottom of the 6th over - 0 runs, 0 hits, 0 errors, 0 left on base; Alaskan 11 - Baton Rouge 5
TOP OF THE 7TH
Alaskan Humpbacks batting - Pitching for Baton Rouge Brass : LHP Gilberto Chávez
Batting: RHB Yehonatan Chazan 0-0: Ball
1-0: Swinging Strike
1-1: Ground out 4-3 (Groundball, 4, EV 85.6 MPH)
Batting: LHB Marc Hayman 0-0: Swinging Strike
0-1: Foul Ball, location: 2F
0-2: Foul Ball, location: 2F
0-2: Ball
1-2: Ball
2-2: Ball
3-2: Foul Ball, location: 2F
3-2: Strikes out looking
Batting: LHB Roberto Baca 0-0: Ball
1-0: Called Strike
1-1: Ground out 5-3 (Groundball, 56, EV 91.2 MPH)
Top of the 7th over - 0 runs, 0 hits, 0 errors, 0 left on base; Alaskan 11 - Baton Rouge 5
BOTTOM OF THE 7TH
Baton Rouge Brass batting - Pitching for Alaskan Humpbacks : LHP Yushua Wazir
Batting: LHB Reggie Gommers 0-0: Called Strike
0-1: Foul Ball, location: 2F
0-2: Ball
1-2: Ball
2-2: Reached on error, E9 (Line Drive, 9D, EV 96.9 MPH)
Pitching: LHP Ricardo Ruíz
Batting: RHB John Birges 0-0: Ball
1-0: Ground out 5-3 (Groundball, 56, EV 86.2 MPH)
Batting: RHB Nick Boyd 0-0: Called Strike
0-1: Fly out, F9 (Flyball, 9LM, EV 103.8 MPH)
Batting: RHB Travis Murphy 0-0: Ball
1-0: SINGLE (Line Drive, 9S, EV 95.0 MPH)
Reggie Gommers to third
Runner from 3rd tries for Home, SAFE, no throw by RF
Batting: RHB Jamy Geertsen 0-0: Called Strike
0-1: Foul Ball, location: 2F
0-2: Strikes out looking
Bottom of the 7th over - 1 run, 1 hit, 1 error, 1 left on base; Alaskan 11 - Baton Rouge 6
TOP OF THE 8TH
Alaskan Humpbacks batting - Pitching for Baton Rouge Brass : LHP Gilberto Chávez
Batting: RHB Domingo Altamirańo 0-0: Foul Ball, location: 2F
0-1: Swinging Strike
0-2: Ground out 6-3 (Groundball, 6, EV 82.5 MPH)
Batting: RHB Bobby McFillin 0-0: Ground out 6-3 (Groundball, 6, EV 95.6 MPH)
Batting: RHB Christiaan Bunschoten 0-0: Swinging Strike
0-1: Ball
1-1: Foul Ball, location: 2F
1-2: Strikes out looking
Top of the 8th over - 0 runs, 0 hits, 0 errors, 0 left on base; Alaskan 11 - Baton Rouge 6
BOTTOM OF THE 8TH
Baton Rouge Brass batting - Pitching for Alaskan Humpbacks : LHP Ricardo Ruíz
Batting: LHB Stephen Goldobenko 0-0: Called Strike
0-1: Ball
1-1: Called Strike
1-2: Foul Ball, location: 2F
1-2: Ground out 4-3 (Groundball, 4, EV 91.9 MPH)
Batting: LHB Dave Summers 0-0: Called Strike
0-1: Foul Ball, location: 2F
0-2: Foul Ball, location: 2F
0-2: Foul Ball, location: 2F
0-2: Strikes out looking
Batting: LHB Weston Doyle 0-0: Fly out, F8 (Line Drive, 8RM, EV 87.5 MPH)
Bottom of the 8th over - 0 runs, 0 hits, 0 errors, 0 left on base; Alaskan 11 - Baton Rouge 6
TOP OF THE 9TH
Alaskan Humpbacks batting - Pitching for Baton Rouge Brass : LHP Gilberto Chávez
Batting: LHB Teng Xuefeng 0-0: Called Strike
0-1: DOUBLE (Flyball, 78D, EV 110.6 MPH)
Pitching: RHP Rafael Bernal
Batting: LHB Roberts Hamhock 0-0: Ball
1-0: Ball
Teng Xuefeng steals 3rd base
2-0: Called Strike
2-1: Ball
3-1: Foul Ball, location: 2F
3-2: Foul Ball, location: 2F
3-2: Foul Ball, location: 2F
3-2: Ground out 4-3 (Groundball, 4, EV 83.1 MPH)
Teng Xuefeng scores
Batting: LHB Carlos Castro 0-0: Foul Ball, location: 2F
0-1: Swinging Strike
0-2: Ball
1-2: Ball
2-2: Ball
3-2: Fly out, F8 (Flyball, 8RXD, EV 103.1 MPH)
Batting: RHB Yehonatan Chazan 0-0: Ball
1-0: Ball
2-0: SINGLE (Line Drive, 89M, EV 108.8 MPH)
Batting: LHB Marc Hayman Pickoff Throw to First - Error! E1
Yehonatan Chazan to second
0-0: SINGLE (Line Drive, 89M, EV 103.8 MPH)
Yehonatan Chazan to third
Runner from 3rd tries for Home, SAFE, throw by RF to home
Batting: LHB Roberto Baca 0-0: Called Strike
0-1: Fly out, F9 (Flyball, 9, EV 96.9 MPH)
Top of the 9th over - 2 runs, 3 hits, 1 error, 1 left on base; Alaskan 13 - Baton Rouge 6
BOTTOM OF THE 9TH
Baton Rouge Brass batting - Pitching for Alaskan Humpbacks : LHP Ricardo Ruíz
Batting: LHB Francisco Rojas 0-0: Called Strike
0-1: Ball
1-1: Foul Ball, location: 2F
1-2: Strikes out swinging, 2-3 out at first.
Batting: LHB Reggie Gommers 0-0: Ball
1-0: Called Strike
1-1: Fly out, F8 (Flyball, 8RD, EV 106.2 MPH)
Batting: RHB John Birges 0-0: Foul Ball, location: 2F
0-1: Ball
1-1: Called Strike
1-2: Foul Ball, location: 2F
1-2: Strikes out swinging
Bottom of the 9th over - 0 runs, 0 hits, 0 errors, 0 left on base; Alaskan 13 - Baton Rouge 6
Friday, March 26th, 2021 - OOTP Baseball 20.8 Build 74